 Dungeon Crawl Stone Soup version 0.21.0-24-g2553a33 (webtiles) character file.

3078 Gorglomux the Cleaver (level 9, -1/72 HPs)
             Began as a Minotaur Skald on Jan 19, 2018.
             Was a Priest of Makhleb.
             Slain by Joseph
             ... wielding a +0 quarterstaff
              (13 damage)
             ... on level 7 of the Dungeon.
             The game lasted 00:06:35 (5586 turns).

Gorglomux the Cleaver (Minotaur Skald)              Turns: 5586, Time: 00:06:36

Health: -1/72      AC: 13    Str: 19    XL:     9   Next: 58%
Magic:  12/12      EV: 12    Int: 10    God:    Makhleb [***...]
Gold:   334        SH:  0    Dex: 17    Spells: 9/10 levels left

rFire    . . .     SeeInvis .   y - +0 war axe
rCold    . . .     Gourm    .   (no shield)
rNeg     . . .     Faith    .   k - +0 scale mail
rPois    .         Spirit   .   (helmet restricted)
rElec    .         Reflect  .   s - +1 cloak
rCorr    .         Harm     .   K - +0 pair of gloves
MR       .....                  n - +2 pair of boots
Stlth    ..........             (no amulet)
HPRegen  0.22/turn              g - +4 ring of dexterity
MPRegen  0.13/turn              V - +3 ring of dexterity

@: no status effects
A: retaliatory headbutt, horns 2
a: Minor Destruction, Lesser Servant of Makhleb, Renounce Religion


You were on level 7 of the Dungeon.
You worshipped Makhleb.
Makhleb was most pleased with you.
You were hungry.

You visited 1 branch of the dungeon, and saw 7 of its levels.

You collected 334 gold pieces.

Inventory:

Hand Weapons
 a - a +0 hand axe
 y - a +0 war axe (weapon)
Missiles
 Z - a throwing net (quivered)
Armour
 k - a +0 scale mail (worn)
 n - a +2 pair of boots (worn)
 s - a +1 cloak (worn)
 K - a +0 pair of gloves (worn)
 O - a cursed +0 shield
Jewellery
 f - an uncursed ring of protection from fire
 g - a +4 ring of dexterity (left hand)
 N - a cursed ring of teleportation {unknown}
 V - a +3 ring of dexterity (right hand)
Wands
 A - a wand of acid (7)
 I - a wand of iceblast (11)
Scrolls
 e - a scroll of enchant weapon {unknown}
 p - 3 scrolls of remove curse
 z - a scroll of immolation
 D - 2 scrolls of random uselessness {unknown}
 E - 2 scrolls of amnesia {unknown}
 M - 2 scrolls of magic mapping
 P - a scroll of blinking {unknown}
 S - a scroll of fog {unknown}
 T - 2 scrolls of teleportation
Potions
 h - a potion of agility
 l - 3 potions of ambrosia
 m - a potion of haste
 w - a potion of flight
 G - a potion of magic
 H - a potion of might {unknown}
 Q - 3 potions of curing
 U - a potion of heal wounds
 W - a potion of berserk rage {unknown}
 X - 2 potions of brilliance
Books
 c - a book of Battle

   Spells                             Type                      Level
   a - Infusion                       Charms                       1
   b - Shroud of Golubria             Charms/Translocation         2
   c - Song of Slaying                Charms                       2
   d - Spectral Weapon                Hexes/Charms                 3
   e - Regeneration                   Charms/Necromancy            3
 B - a book of Changes

   Spells                             Type                      Level
   a - Beastly Appendage              Transmutation                1
   b - Sticks to Snakes               Transmutation                2
   c - Spider Form                    Transmutation/Poison         3
   d - Ice Form                       Ice/Transmutation            4
   e - Blade Hands                    Transmutation                5
 R - a book of Maledictions

   Spells                             Type                      Level
   a - Corona                         Hexes                        1
   b - Ensorcelled Hibernation        Hexes/Ice                    2
   c - Confuse                        Hexes                        3
   d - Tukima's Dance                 Hexes                        3
   e - Dazzling Spray                 Conjuration/Hexes            3
Comestibles
 d - 21 rations


   Skills:
 + Level 4.6 Fighting
 + Level 10.0 Axes
 + Level 4.0 Armour
 + Level 3.8 Dodging
 + Level 8.0 Shields
 - Level 1.3 Spellcasting
 - Level 2.0 Charms
 - Level 6.0 Invocations


You had 9 spell levels left.
You knew the following spells:

 Your Spells              Type           Power        Failure   Level  Hunger
a - Infusion              Chrm           #...         38%         1    ##.....


Dungeon Overview and Level Annotations

Branches:
Dungeon (7/15)             Temple (0/1) D:7

Altars:
Cheibriados
Elyvilon
Fedhas
Kikubaaqudgha
Makhleb
Nemelex Xobeh
Okawaru
Uskayaw
Vehumet
Yredelemnul
The Shining One

Annotations:
D:4 bmj180's ghost, novice HaFi
D:7 Joseph


Innate Abilities, Weirdness & Mutations

You reflexively headbutt those who attack you in melee.
You have a pair of horns on your head.


Message History

The orc warrior butts you but does no damage!
Butt, then!
Something hits you! * * * don't die
* * *
There is a butt staircase leading down here!
You see here a sling bullet!
Evoke which item? (* to show all) (? for menu, Butt to quit)
Okay, then!
You cut something but do no butt! Something hits you but does no damage!
You open something but do no butt! Something hits you but does no damage!
You barely miss something! Something hits you but does no damage!
You closely miss butt! Your headbutt misses something!
You cut something into ribbons!!! Your headbutt misses something!
Something barely misses you!
You closely miss something! You headbutt something!
Something hits you!!! * * * don't butt
* * * You barely miss something!
You headbutt something! Something hits you but does no damage!
You closely miss something! Something hits you!!! rip

# # ######### ####
......... ##### #..
#...##### )..# #.#
.....# #####.####.#
#...## #.....@{o>.#
##.##
#.###.###))....... #.#
#.# #.# #..##.##.. #.#
##.###.# #..# # ##'##
#......# #... #...##
#..#######.##. .....##
#..........# ..
......## #.#.######.#
.#
.(.....###....#####.##


You could see an orc warrior.

Vanquished Creatures
  Pikel (D:7)
  A hungry ghost (D:7)
  Duvessa (D:5)
  An ice beast (D:6)
  3 slaves (D:7)
  An orc warrior (D:6)
  A sky beast (D:6)
  2 black bears
  4 ogres
  A centaur (D:5)
  6 bullfrogs
  Dowan (D:5)
  5 scorpions
  A centaur zombie (D:7)
  A crimson imp (D:7)
  A hound (D:5)
  6 orc priests
  A bullfrog skeleton (D:7)
  An iguana (D:5)
  6 orc wizards
  Ijyb (D:3)
  2 worker ants
  A killer bee zombie (D:7)
  2 hound zombies
  7 adders
  4 gnolls (D:5)
  A howler monkey skeleton (D:6)
  A shadow imp (D:5)
  An ooze (D:7)
  An adder zombie (D:5)
  3 worms
  5 dart slugs
  2 leopard geckos
  18 orcs
  2 ball pythons
  6 giant cockroaches
  10 goblins
  6 hobgoblins
  4 jackals (D:1)
  10 kobolds
  3 quokkas
  2 bats
  8 frilled lizards
  A giant cockroach zombie (D:5)
  A jackal skeleton (D:4)
  A leopard gecko skeleton (D:4)
  4 quokka skeletons
  13 rats
165 creatures vanquished.

Notes
Turn   | Place    | Note
-------+----------+-------------------------------------------
     0 | D:1      | Gorglomux the Minotaur Skald began the quest for the Orb.
     0 | D:1      | Reached XP level 1. HP: 18/18 MP: 1/1
   236 | D:1      | Reached XP level 2. HP: 17/25 MP: 3/3
   319 | D:1      | Reached skill level 3 in Axes
   396 | D:1      | Reached skill level 3 in Fighting
   439 | D:1      | Reached XP level 3. HP: 31/31 MP: 4/4
  1107 | D:2      | Found a snail-covered altar of Cheibriados.
  1125 | D:2      | Reached skill level 3 in Dodging
  1309 | D:2      | Reached XP level 4. HP: 33/38 MP: 5/5
  1416 | D:2      | Found a radiant altar of Vehumet.
  1510 | D:2      | Found a faded altar of an unknown god.
  1651 | D:2      | Became a worshipper of Makhleb the Destroyer
  1651 | D:2      | Reached * piety under Makhleb
  1886 | D:3      | Noticed Ijyb
  1898 | D:3      | Paralysed by Ijyb for 6 turns
  1907 | D:3      | Killed Ijyb
  1907 | D:3      | Reached skill level 3 in Armour
  1907 | D:3      | Reached XP level 5. HP: 41/46 MP: 6/6
  2004 | D:3      | Reached skill level 4 in Axes
  2268 | D:3      | Found a white marble altar of Elyvilon.
  2872 | D:4      | Noticed bmj180's ghost (novice HaFi)
  3229 | D:4      | Reached XP level 6. HP: 53/53 MP: 7/7
  3368 | D:5      | Entered Level 5 of the Dungeon
  3458 | D:5      | Reached ** piety under Makhleb
  3496 | D:5      | Noticed Dowan
  3497 | D:5      | Noticed Duvessa
  3500 | D:5      | Found a hide-covered altar of Uskayaw.
  3677 | D:5      | Reached skill level 1 in Invocations
  3756 | D:5      | Found an iron altar of Okawaru.
  3782 | D:5      | Reached skill level 3 in Invocations
  3839 | D:5      | Killed Duvessa
  3839 | D:5      | Reached skill level 5 in Axes
  3839 | D:5      | Reached XP level 7. HP: 55/60 MP: 8/8
  3850 | D:5      | Killed Dowan
  3857 | D:5      | Reached skill level 6 in Axes
  3923 | D:5      | Found a sparkling altar of Nemelex Xobeh.
  4157 | D:6      | Reached skill level 7 in Axes
  4198 | D:6      | Found an ancient bone altar of Kikubaaqudgha.
  4199 | D:6      | Found a blossoming altar of Fedhas.
  4240 | D:6      | Reached skill level 8 in Axes
  4390 | D:6      | Reached XP level 8. HP: 53/67 MP: 9/9
  4612 | D:6      | Reached skill level 9 in Axes
  4688 | D:6      | Reached skill level 10 in Axes
  4748 | D:6      | Reached *** piety under Makhleb
  4944 | D:7      | Found a glowing golden altar of the Shining One.
  4953 | D:7      | Reached skill level 6 in Invocations
  4959 | D:7      | Reached skill level 1 in Shields
  4959 | D:7      | Reached XP level 9. HP: 72/72 MP: 12/12
  5025 | D:7      | Found a staircase to the Ecumenical Temple.
  5070 | D:7      | Noticed Pikel
  5086 | D:7      | Killed Pikel
  5214 | D:7      | Reached skill level 6 in Shields
  5340 | D:7      | Found a basalt altar of Yredelemnul.
  5559 | D:7      | Noticed Joseph
  5586 | D:7      | Slain by Joseph

Skill      XL: |  1  2  3  4  5  6  7  8  9 |
---------------+----------------------------+-----
Axes           | 3 4 5 8 10 | 10.0
Armour         | 2 3 4 |  4.0
Fighting       | 3 4 |  4.6
Dodging        | 3 |  3.8
Invocations    | 3 6 |  6.0
Shields        | 1 8 |  8.0
Spellcasting   | |  1.3
Charms         | |  2.0

Action                   |  1- 3 |  4- 6 |  7- 9 || total
-------------------------+-------+-------+-------++-------
Melee: Hand axe          |   104 |    86 |       ||   190
       Headbutt          |    16 |    39 |    47 ||   102
       War axe           |       |    82 |   185 ||   267
Invok: Minor Destruction |       |       |    17 ||    17
Evoke: Wand              |       |     2 |       ||     2
  Use: Potion            |       |     3 |     2 ||     5
       Scroll            |       |     2 |    11 ||    13
 Stab: Sleeping          |     1 |       |       ||     1
  Eat: Chunk             |     1 |     8 |     9 ||    18
Armor: Leather armour    |    12 |       |       ||    12
       Scale mail        |    19 |    53 |    87 ||   159
Dodge: Dodged            |    49 |   106 |   114 ||   269
